 Dungeon Crawl Stone Soup version 0.30.1-11-g7821555f0a (webtiles) character file.

Game seed: 10591763392646047141

41 booth the Chopper (level 3, -3/29 HPs)
             Began as a Demonspawn Monk on Dec 28, 2023.
             Killed from afar by Sigmund (4 damage)
             ... with a puff of flame
             ... on level 2 of the Dungeon.
             The game lasted 00:07:34 (1313 turns).

booth the Chopper (Demonspawn Monk)                 Turns: 1313, Time: 00:07:34

Health: -3/29      AC:  4    Str: 13    XL:     3   Next: 32%
Magic:  3/3        EV: 12    Int: 11    God:
Gold:   77         SH:  0    Dex: 15    Spells: 2/2 levels left

rFire   . . .        a - +2 hand axe
rCold   . . .        d - orb {light}
rNeg    . . .        g - +0 leather armour
rPois   .            (helmet restricted)
rElec   .            (no cloak)
rCorr   .            h - +0 pair of gloves
SInv    .            (no boots)
Will    .....        (no amulet)
Stlth   +            (no ring)
HPRegen 0.24/turn    (no ring)
MPRegen 0.08/turn

%: no passive effects
@: glowing
A: antennae 1, foul stench 1
a: no special abilities


You were on level 2 of the Dungeon.
You visited 1 branch of the dungeon, and saw 2 of its levels.

You collected 77 gold pieces.

Inventory:

Hand Weapons
 a - a +2 hand axe (weapon)
Armour
 d - an orb of light (worn)
 g - a +0 leather armour (worn)
 h - a +0 pair of gloves (worn)
Scrolls
 b - 2 scrolls of blinking
 e - a scroll of silence {unknown}
Potions
 c - a potion of ambrosia
 f - a potion of invisibility {unknown}
 i - a potion of flight {unknown}
 j - a potion of attraction


   Skills:
 + Level 3.5 Fighting
 * Level 3.5 Axes
 - Level 2.8 Dodging


You had 2 spell levels left.
You didn't know any spells.
Your spell library contained the following spells:

 Spells                   Type           Power      Damage    Failure   Level
 Static Discharge         Conj/Air       0%         2-2/arc   56%         2
 Airstrike                Air            0%         2d(0-16)  99%         4
 Summon Lightning Spire   Summ/Air       0%         N/A       99%         4


Dungeon Overview and Level Annotations

Branches:
Dungeon (2/15)

Altars:

Annotations:
D:2 Sigmund


Innate Abilities, Weirdness & Mutations

You have a pair of small antennae on your head.
You may rarely emit foul miasma when damaged in melee.


Message History

The endoplasm is moderately wounded.
The endoplasm freezes you.
You are frozen.
You hit the endoplasm.
The endoplasm is heavily wounded.
The endoplasm jiggles.
The endoplasm hits you.
You slash the endoplasm!
You kill the endoplasm!
You see here a worm corpse.
You start resting.
HP restored.
You see here a worm corpse.
f - a bubbling yellow potion You see here a worm corpse.
Sigmund and a quokka come into view.
Sigmund shouts!
Okay, then.
Okay, then.
The quokka closely misses you. The quokka completely misses you.
Sigmund hits you from afar with a +0 scythe.
The quokka closely misses you.
You hit the quokka.
The quokka is moderately wounded.
The quokka bites you.
Sigmund hits you from afar with a +0 scythe!
You hit the quokka.
The quokka is severely wounded.
The quokka closely misses you. The quokka barely misses you.
You hit the quokka.
You kill the quokka!
Sigmund says, "Your kind have come here before.
I understand now why.
You desire death..."
Sigmund hits you with a +0 scythe!
* * * LOW HITPOINT WARNING * * *
You see here a quokka corpse.
You hit Sigmund.
Sigmund is lightly wounded.
Sigmund points at you and mumbles some strange words.
The puff of flame hits you.
You die...

#..####..##.##.# #
#........##.##.# .
#..........†...# .#
#.#.......##.####
###.##
##..#......######......
#.#.##.####........#
#.......# #........#
###...### #@##.#..$#
#... #@##....## #..
#.#....... #..
#.#.#...#.# #.
#.......#... #......##
... ..##.#.## .... ..
..#. ... . ## ##


You could see Sigmund.

Vanquished Creatures
  A worm (D:2)
  4 ball pythons (D:1)
  6 endoplasms
  2 giant cockroaches (D:1)
  2 goblins (D:1)
  3 hobgoblins (D:1)
  A quokka (D:2)
  3 bats (D:1)
  A frilled lizard (D:1)
  11 kobolds
  3 rats (D:1)
37 creatures vanquished.

Notes
Turn   | Place    | Note
-------+----------+-------------------------------------------
     0 | D:1      | booth the Demonspawn Monk began the quest for the Orb.
     0 | D:1      | Reached XP level 1. HP: 18/18 MP: 1/1
   245 | D:1      | Gained mutation: You may rarely emit foul miasma when
                  | damaged in melee. [demonic ancestry]
   245 | D:1      | Reached XP level 2. HP: 13/24 MP: 2/2
   793 | D:1      | Gained mutation: You have a pair of small antennae on your
                  | head. [demonic ancestry]
   793 | D:1      | Reached XP level 3. HP: 26/29 MP: 3/3
  1296 | D:2      | Noticed Sigmund
  1312 | D:2      | HP: 1/29 [Sigmund/+0 scythe (10)]
  1313 | D:2      | Killed from afar by Sigmund

Illustrated notes

Levels and vault maps discovered:
D:1:      kennysheep_arrival_seaside, layout_basic
D:2:      layout_loops_cross, ebering_ecumenical_altar_rust, grunt_ministairs_1,
          kennysheep_generic_room_15, uniq_sigmund

Skill      XL: |  1  2 |
---------------+-------+-----
Axes           | 3 |  3.5
Fighting       | |  3.5
Dodging        | |  2.8

Action                     || total
---------------------------++-------
  Melee: Hand axe          ||   102
    Use: Scroll            ||     4
         Potion            ||     1
 Armour: Leather armour    ||    23
         Robe              ||     1
  Dodge: Dodged            ||    58
